 Dungeon Crawl Stone Soup version 0.20.1-1-g8b1a95d (webtiles) character file.

70 ReteAZ the Insei (level 4, -4/28 HPs)
             Began as an Octopode Transmuter on Aug 13, 2017.
             Slain by a hobgoblin (5 damage)
             ... led by Robin
             ... on level 2 of the Dungeon.
             The game lasted 00:03:27 (1533 turns).

ReteAZ the Insei (Octopode Transmuter)              Turns: 1533, Time: 00:03:28

Health: -4/28      AC:  1    Str:  9    XL:     4   Next: 21%
Magic:  7/7        EV: 14    Int: 16    God:
Gold:   132        SH:  0    Dex: 12    Spells: 3/7 levels left

rFire    . . .     SeeInvis .     - Unarmed
rCold    . . .     Gourm    .   (no shield)
rNeg     . . .     Faith    .   (helmet restricted)
rPois    .         Spirit   .   l - amulet of regeneration
rElec    .         Reflect  .   (no ring)
rCorr    .         Harm     .   (no ring)
MR       .....                  (no ring)
Stlth    ++........             (no ring)
Regen    0.5/turn               (no ring)
MPRegen  0.1/turn               (no ring)
                                (no ring)
                                (no ring)

@: no status effects
A: almost no armour, stealthy swim, amphibious, 8 rings, constrict 8, camouflage
1, gelatinous body 1
a: no special abilities


You were on level 2 of the Dungeon.
You were not hungry.

You visited 1 branch of the dungeon, and saw 2 of its levels.

You collected 132 gold pieces.

Inventory:

Missiles
 a - 12 arrows
 e - 17 stones
 g - 6 tomahawks (quivered)
Jewellery
 l - an amulet of regeneration (around mantle)
Scrolls
 h - a scroll of noise {unknown}
 k - 2 scrolls of identify {unknown}
 m - a scroll of enchant weapon {unknown}
 n - a scroll of remove curse {unknown}
 o - 2 scrolls of magic mapping {unknown}
Potions
 j - a potion of brilliance {unknown}
Books
 b - a book of Changes

   Spells                             Type                      Level
   a - Beastly Appendage              Transmutation                1
   b - Sticks to Snakes               Transmutation                2
   c - Spider Form                    Transmutation/Poison         3
   d - Ice Form                       Ice/Transmutation            4
   e - Blade Hands                    Transmutation                5
Comestibles
 c - a bread ration
 d - a royal jelly


   Skills:
 - Level 1.0 Fighting
 + Level 3.0 Dodging
 + Level 3.6 Unarmed Combat
 - Level 2.0 Spellcasting
 + Level 3.1 Transmutations


You had 3 spell levels left.
You knew the following spells:

 Your Spells              Type           Power        Failure   Level  Hunger
a - Beastly Appendage     Tmut           ##....       6%          1    #......
b - Spider Form           Tmut/Pois      #.........   32%         3    ###....


Dungeon Overview and Level Annotations

Branches:
Dungeon (2/15)

Altars:
Ashenzari
Dithmenos
Fedhas
The Shining One


Innate Abilities, Weirdness & Mutations

You cannot wear most types of armour.
You are very stealthy in the water. (Stealth+)
You are amphibious.
You can wear up to eight rings at the same time.
You can use your tentacles to constrict eight enemies at once.
Your skin changes colour to match your surroundings (Stealth+).
Your rubbery body absorbs attacks. (AC +1, EV +1)


Message History

Robin is severely wounded.
You constrict Robin. The goblin hits you with a club.
* * * LOW HITPOINT WARNING * * *
Robin closely misses you.
You tentacle-slap Robin.
You kill Robin!
The goblin closely misses you.
It was a potion of lignification.
You turn into a tree.
Your roots penetrate the ground.
You feel sick.
You are no longer poisoned.
The goblin hits you with a club.
* * * LOW HITPOINT WARNING * * *
The hobgoblin hits you.
* * * LOW HITPOINT WARNING * * *
It was a potion of cancellation.
Your magical effects are unravelling.
You feel magically purged.
You feel less wooden. The goblin hits you but does no damage.
The hobgoblin hits you.
You die...

#.......#
##......## .
###....#..####....
......###....'....
###....#..####....
#......## .
#......# ###g####
#@# #g#


ggg ..... ....... #........ # #.......#. .. #.......#.. ## You could see 2
hobgoblins and 3 goblins.

Vanquished Creatures
  Robin (D:2)
  2 adders (D:2)
  2 bats (D:1)
  16 goblins
  7 hobgoblins
  A frilled lizard (D:2)
  5 kobolds
  5 rats
39 creatures vanquished.

Notes
Turn   | Place    | Note
-------+----------+-------------------------------------------
     0 | D:1      | ReteAZ the Octopode Transmuter began the quest for the Orb.
     0 | D:1      | Reached XP level 1. HP: 13/13 MP: 3/3
   251 | D:1      | Found a shattered altar of Ashenzari.
   562 | D:1      | Reached XP level 2. HP: 18/18 MP: 5/5
  1039 | D:2      | Found a glowing golden altar of the Shining One.
  1204 | D:2      | Reached XP level 3. HP: 13/23 MP: 6/6
  1220 | D:2      | Learned a level 3 spell: Spider Form
  1471 | D:2      | Found a shadowy altar of Dithmenos.
  1473 | D:2      | Found a blossoming altar of Fedhas.
  1506 | D:2      | Noticed Robin
  1523 | D:2      | Reached XP level 4. HP: 13/28 MP: 7/7
  1531 | D:2      | Killed Robin
  1532 | D:2      | HP: 2/42 [hobgoblin[Robin] (1)]
  1533 | D:2      | Slain by a hobgoblin

Skill      XL: |  1  2  3 |
---------------+----------+-----
Transmutations | 3 |  3.1
Dodging        | 3 |  3.0
Fighting       | |  1.0
Unarmed Combat | |  3.6
Spellcasting   | |  2.0

Action                   |  1- 3 |  4- 6 || total
-------------------------+-------+-------++-------
Melee: Unarmed           |    90 |     8 ||    98
       Constrict         |    20 |     2 ||    22
       Tentacles         |    14 |     1 ||    15
Throw: Tomahawk          |     5 |       ||     5
  Use: Potion            |       |     2 ||     2
 Stab: Sleeping          |     3 |       ||     3
  Eat: Chunk             |     2 |       ||     2
Armor: Skin              |     3 |     2 ||     5
Dodge: Dodged            |    37 |     7 ||    44
